← All builds
Geo sea / Armada / Economy first / OBSERVED BUILD

Standard geo sea

Armada Geo sea build order · Supreme Isthmus

Shipyard in the cove backed by a bot lab, pushing out early submarines and destroyers to contest the sea while teching up to a geothermal plant around 7:46, the role's bread-and-butter naval contest.

Usually shipyard in the cove (87%)

#naval #eco · 776 distinct matches · 105 players · 80% of Armada Geo sea games · team won 54% of 829 · Recently observed

HOW TO PLAY IT

Key timing: Shipyard by 3:13

  1. Open 3 mex and wind into Bot Lab.
  2. Put up Shipyard with naval turret and BP for defense.
  3. Send out "submarine" then "destroyer" to contest the sea.
  4. Bring geothermal online to fund the fleet.
  5. Add Advanced Metal Extractor as the economy transitions.

Phase by phase

TYPICAL OF ITS 776 GAMES
  1. 1
  2. 2
  3. 3
  4. 4
PLAY THE OPENING

Follow the example game's first 6:00 step by step: what to build now, what comes next, and where it goes. At 1× it keeps pace with your own game.

  1. 1

    Up to the Bot Lab

    Economy
    • Metal Extractor3Mex
    • Wind Turbine3Wind
    Order
    1. Bot LabBot Lab after 3 mex, 3 winddone ~1:12, middle half 1:06–1:17

    Some games also: wind for allies (44%)

    By 0:55 in all: 3 mex · 3 wind

    The example game in this phase · 3 steps
    1. Mex ×3
    2. Wind ×4
    3. Bot LabBot Labdone 1:11 · typical 1:12
  2. 2

    Bot Lab to Shipyard

    Economy
    • Metal Extractor1Mex
    • Wind Turbine1Wind
    Order
    1. ShipyardShipyard after 4 mex, 4 winddone ~3:11, middle half 2:49–3:36
    Builders
    • Construction Bot3 Con bot
    • Lazarus2 Lazarus

    Some games also: pawn (44%) · con turret (38%) · crossbow (35%)

    By 2:47 in all: 4 mex · 4 wind

    The example game in this phase · 15 steps
    1. Wind
    2. LazarusLazarus
    3. Wind
    4. Wind ×2for Air
    5. LazarusLazarus
    6. Wind
    7. Construction BotCon bot ×3
    8. Con turret
    9. LazarusLazarus
    10. Construction BotCon bot
    11. Mex
    12. Wind ×4
    13. Energy storage
    14. Mex
    15. ShipyardShipyarddone 3:58 · typical 3:11
  3. 3

    Shipyard to 5:00

    Economy
    • Metal Extractor4Mex
    • Wind Turbine1Wind
    Builders
    • Construction Ship1 Con ship
    Army
    • Dolphin3 Dolphin
    • Skater1 Skater
    • Corsair1 Destroyer
    Other
    • Radar Tower1 Radar Tower

    Some games also: Sentry (44%) · submarine (43%) · converter (32%) · pawn (31%) · con turret (31%)

    By 5:00 in all: 8 mex · 7 wind · 1 energy storage · 1 con turret

    The example game in this phase · 8 steps
    1. Mex
    2. Geothermal PowerplantGeodone 5:10 · typical 7:45
    3. Radar TowerRadar Tower
    4. AnemoneAnemone
    5. DolphinDolphin
    6. Con turret
    7. DolphinDolphin ×2
    8. Construction ShipCon ship
  4. 4

    5:00 to 10:00

    Economy
    • Metal Extractor2Mex
    • Wind Turbine12Wind
    • Energy Converter2Converter
    Builders
    • Construction Turret1 Con turret
    • Construction Ship1 Con ship
    • Grim Reaper1 Grim Reaper
    Army
    • Sentry1 Sentry
    • Dolphin4 Dolphin
    • Skater2 Skater
    • Corsair2 Destroyer

    Some games also: Radar Tower (48%) · geo (40%) · Harpoon (39%) · frigate (39%) · Naval Construction Turret (34%)

    By 10:00 in all: 11 mex · 19 wind · 1 geo · 4 converter · 1 energy storage · 2 con turret

    The example game in this phase · 100 steps
    1. CorsairDestroyerdone 6:03 · typical 5:35
    2. Con turret
    3. Mex
    4. SentrySentry ×2
    5. Grim ReaperGrim Reaper
    6. Mex
    7. Radar TowerRadar Tower
    8. Mex
    9. Converter
    10. Radar TowerRadar Tower
    11. NettleNettle
    12. Converter
    13. NettleNettle ×2
    14. CorsairDestroyer
    15. Converter
    16. SentrySentry ×2
    17. Converter ×2
    18. EllysawFrigate
    19. SentrySentry
    20. Converter ×3
    21. SentrySentry
    22. Converter
    23. Construction ShipCon ship
    24. Converter
    25. SentrySentry
    26. CorsairDestroyer
    27. Mex
    28. Converter
    29. EllysawFrigate
    30. Advanced Metal ExtractorT2 mexdone 8:58 · typical 9:17
    31. Mex
    32. Converter
    33. Grim ReaperGrim Reaper
    34. Converter
    35. SkaterSkater
    36. Advanced Metal ExtractorT2 mex
    37. Converter
    38. CorsairDestroyer
    39. Naval Radar / Sonar TowerNaval Radar / Sonar Tower
    40. Converter ×2
    41. Advanced Metal ExtractorT2 mex
    42. EllysawFrigate
    43. Naval Radar / Sonar TowerNaval Radar / Sonar Tower
    44. Converter
    45. CorsairDestroyer
    46. Converter ×2
    47. Advanced Metal ExtractorT2 mex
    48. EllysawFrigate
    49. Grim ReaperGrim Reaper
    50. Converter
    51. SkaterSkater
    52. Converter
    53. CorsairDestroyer
    54. Converter
    55. EllysawFrigate
    56. Converter
    57. CorsairDestroyer
    58. Advanced Metal ExtractorT2 mex
    59. Converter
    60. Mex
    61. EllysawFrigate
    62. Converter
    63. Grim ReaperGrim Reaper
    64. SkaterSkater
    65. Construction ShipCon ship
    66. Converter
    67. Construction ShipCon ship
    68. Naval Construction Turret
    69. Construction ShipCon ship
    70. Con turret
    71. Mex
    72. Construction ShipCon ship
    73. Advanced Metal ExtractorT2 mex
    74. Naval Construction Turret
    75. Tidal ×2
    76. Naval Construction Turret
    77. Tidal
    78. Mex
    79. Advanced ShipyardAdvanced Shipyarddone 14:39
    80. Con turret
    81. Naval Construction Turret
    82. Tidal
    83. Wind
    84. Naval Construction Turret
    85. Tidal
    86. Wind
    87. Advanced Geothermal PowerplantAdvanced Geothermal Powerplantnot finished by 15:00
    88. Naval Construction Turret
    89. Tidal
    90. Wind
    91. Tidal
    92. Wind ×2
    93. Tidal
    94. Wind ×3
    95. Tidal
    96. Wind ×3
    97. Tidal
    98. Wind ×3
    99. Tidal
    100. Wind ×2

Counts are medians over the build's games: half of them build more, half fewer. The example game is ChaoticNoob's (36 OS, 02/10/2026); pick another.

Team trades

IN AT LEAST 30% OF ITS GAMES

You hand over

  • Wind Turbine2 Wind to Airfirst at 1:41 · in 61% of games

You get

  • Finch1 Finch from Airfirst at 1:51 · in 74% of games
  • Hercules1 Light transport from Airfirst at 2:05 · in 62% of games
  • Advanced Construction Bot1 T2 con bot from Techfirst at 7:40 · in 89% of games

How it plays out

Typical game of this build, running totals by minute

Metal produced

010k20k30k
0:005:0010:0015:00

metal

Enemy metal destroyed

05k10k
0:005:0010:0015:00

metal

Own metal lost

02.5k5k7.5k
0:005:0010:0015:00

metal

829 games.

Show as table
ByMetal produced: This buildEnemy metal destroyed: This buildOwn metal lost: This build
1:0039500
2:0092800
3:00160300
4:002912051
5:00414517674
6:005555541301
7:0071101003641
8:00875417301046
9:001062425061671
10:001291933772271
11:001552046113171
12:001857557173916
13:002179968994811
14:002544779425645
15:002892190156584
WHAT THE NUMBERS SAY

Standard Armada geo sea nearly matches Cortex's economy numbers but wins slightly more often at 53%.

  • + Metal produced reaches 28785 by 15:00, the highest of the sea builds
  • + Own metal lost of 6895 stays well under enemy metal destroyed's 9048
  • − Geothermal only lands in 58% of games by 7:34
  • − T2 factory completes in only 40% of games by 12:43
THE EXAMPLE YOU ARE READING

ChaoticNoob

35.8 OS · 02/10/2026

Open source match ↗

4 received units · includes a constructor
110 metal received · 18164 energy received

Allied construction assistance is unknown. Timings are observations, not a promise of solo reproducibility.

Typical milestones

Bot Lab1:12Middle 50%: 1:06–1:17 · n=796
Shipyard3:11Middle 50%: 2:49–3:36 · n=818
Eel4:22Middle 50%: 3:41–5:34 · n=487
Corsair5:35Middle 50%: 4:50–6:34 · n=766
Geothermal Powerplant7:45Middle 50%: 6:48–9:14 · n=502
Advanced Metal Extractor9:17Middle 50%: 8:36–10:06 · n=722

Played most by

_X_64games of this buildOptimusprimenutt52games of this buildKingBenjai50games of this buildhaaven45games of this buildRexalidus35games of this build